 Dungeon Crawl Stone Soup version 0.30.0 (webtiles) character file.

Game seed: 10469383476454386355

22386 Orter the Basher (level 12, -4/110 HPs)
             Began as an Armataur Fighter on Nov 9, 2023.
             Was an Elder of Kikubaaqudgha.
             Shot with a sling bullet by a faun (9 damage)
             ... led by a satyr
             ... on level 1 of the Shoals.
             The game lasted 01:08:38 (9255 turns).

Orter the Basher (Armataur Fighter)                 Turns: 9255, Time: 01:08:39

Health: -4/110     AC: 29    Str: 29    XL:     12   Next: 62%
Magic:  12/12      EV:  8    Int: 10    God:    Kikubaaqudgha [****..]
Gold:   764        SH:  0    Dex: 10    Spells: 11/11 levels left

rFire   x . .        Q - +3 morningstar (freeze)
rCold   + . .        p - orb {*Rage}
rNeg    . . .        B - +1 swamp dragon scales
rPois   +            (helmet restricted)
rElec   .            (no cloak)
rCorr   .            v - +2 pair of gloves {Stlth+}
SInv    .            e - +1 barding of Greed {rPois Str+4}
Will    .....        q - amulet of regeneration
Stlth   +            A - ring of ice
HPRegen 1.18/turn    Y - +4 ring of protection
MPRegen 0.13/turn

%: random rage (20%), roll
@: lit by a corona, afraid, mesmerised, glowing, unable to read
A: large, rugged brown scales 3, deformed body, armoured tail, roll, long
tongue, awkward tongue, beak, iridescent scales 2, passive freeze, inability to
read after injury 1, MP-powered wands
a: Renounce Religion, Unearth Wretches


You were on level 1 of the Shoals.
You worshipped Kikubaaqudgha.
Kikubaaqudgha was greatly pleased with you.
You visited 3 branches of the dungeon, and saw 12 of its levels.
You also visited: Sewer and Ossuary.

You collected 904 gold pieces.
You spent 140 gold pieces at shops.

Inventory:

Hand Weapons
 Q - a +3 morningstar of freezing (weapon)
 S - a +3 short sword of protection
Missiles
 b - 5 curare-tipped darts
 g - 8 poisoned darts
 x - 7 boomerangs
 N - 3 javelins (quivered)
Armour
 e - the +1 barding of Greed (worn) {rPois Str+4}
   (You acquired it on level 5 of the Dungeon)

   Str:       It affects your strength (+4).
   rPois:     It protects you from poison.
 h - +0 steam dragon scales
 p - an orb of wrath (worn)
 s - +0 acid dragon scales
 t - a scarf of repulsion
 v - a +2 pair of gloves of stealth (worn)
 y - a +1 scale mail of cold resistance
 B - +1 swamp dragon scales (worn)
 G - a +0 helmet
 M - a +0 plate armour
 P - an orb of mayhem
 W - a +1 cloak
Jewellery
 c - the ring of Xom's Ringing Laughter {rN++ Str-3 Dex+3 Slay+4}
   (You found it on level 2 of the Lair of Beasts)

   [ring of slaying]

   Str:       It affects your strength (-3).
   Dex:       It affects your dexterity (+3).
   Slay:      It affects your accuracy & damage with ranged weapons and melee
   (+4).
   rN:        It greatly protects you from negative energy.
 l - an amulet of the acrobat
 q - an amulet of regeneration (around neck)
 A - a ring of ice (left hand)
 J - a ring of fire
 Y - a +4 ring of protection (right hand)
Wands
 i - a wand of paralysis (8)
 I - a wand of mindburst (7)
 Z - a wand of flame (53)
Scrolls
 j - a scroll of torment
 k - 4 scrolls of poison
 D - 2 scrolls of fog
 E - 5 scrolls of teleportation
 H - 3 scrolls of blinking
 L - 3 scrolls of vulnerability
 O - 3 scrolls of brand weapon
 X - a scroll of immolation
Potions
 a - 2 potions of mutation
 f - 4 potions of flight
 m - 3 potions of attraction
 n - 3 potions of berserk rage
 o - 2 potions of haste
 r - 4 potions of curing
 u - 4 potions of might
 w - 3 potions of magic
 z - a potion of ambrosia
 C - 3 potions of heal wounds
 K - 2 potions of resistance
 R - a potion of cancellation
 T - 3 potions of brilliance
 U - 2 potions of lignification
Miscellaneous
 d - a tin of tremorstones (2/2)


   Skills:
 + Level 8.3 Fighting
 + Level 5.8(9.1) Axes
 + Level 11.6(12.3) Maces & Flails
 + Level 2.4 Throwing
 + Level 11.5 Armour
 + Level 5.0 Dodging
 + Level 3.5 Stealth
 + Level 6.8 Shields
 + Level 0.4 Necromancy
 + Level 1.3 Evocations


You had 11 spell levels left.
You didn't know any spells.
Your spell library contained the following spells:

 Spells                   Type           Power      Damage    Failure   Level
 Necrotise                Necr           0%         1d4       41%         1
 Magic Dart               Conj           0%         1d3       45%         1
 Sublimation of Blood     Necr           0%         N/A       54%         2
 Call Imp                 Summ           0%         N/A       58%         2
 Cigotuvi's Dreadful Rot  Necr/Pois/Air  0%         N/A       58%         2
 Vampiric Draining        Necr           0%         2d6       78%         3
 Mephitic Cloud           Conj/Pois/Air  0%         N/A       83%         3
 Anguish                  Hex/Necr       0%         N/A       99%         4
 Dispel Undead            Necr           0%         3d6       99%         4
 Passage of Golubria      Tloc           0%         N/A       99%         4
 Borgnjor's Vile Clutch   Necr/Erth      0%         N/A       100%        5
 Iskenderun's Battlesphe  Conj           0%         2d6       100%        5
 Silence                  Hex/Air        0%         N/A       100%        5
 Iron Shot                Conj/Erth      0%         9d1       100%        6
 Simulacrum               Ice/Necr       0%         N/A       100%        6
 Malign Gateway           Summ/Tloc      0%         N/A       100%        7
 Spellforged Servitor     Conj/Summ      0%         N/A       100%        7
 Lehudib's Crystal Spear  Conj/Erth      0%         10d2      100%        8
 Summon Horrible Things   Summ           0%         N/A       100%        8


Dungeon Overview and Level Annotations

Branches:
Dungeon (9/15)             Temple (0/1) D:6            Lair (2/5) D:9
 Shoals (1/4) Lair:2        Sewer (visited)         Ossuary (visited)
  Snake: Lair:2-3    Spider: Lair:2-3       Orc: D:9-12

Altars:
Ashenzari
Elyvilon
Fedhas
Gozag
Kikubaaqudgha
Nemelex Xobeh
Sif Muna
Vehumet
Wu Jian
Xom
Yredelemnul
Zin
The Shining One

Shops:
D:5 [*[:

Annotations:
Shoals:1 3 runed translucent doors


Innate Abilities, Weirdness & Mutations

You are completely covered in rugged brown scales. (AC +3, +7% HP)
Armour fits poorly on your strangely shaped body.
You have a long armoured tail.
You roll when moving toward enemies. (Rampage)
Your long tongue fully drains potion bottles. (2x potion effects)
Your tongue gives you trouble enunciating. (1.5x scroll delay)
You have a beak for a mouth.
You are mostly covered in iridescent scales. (AC +4)
A frigid envelope surrounds you and freezes all who hurt you.
You occasionally lose the ability to read scrolls when taking damage.
You expend magic power (3 MP) to strengthen your wands.


Message History

The merfolk siren chants its luring song.
You start putting on your armour.
You continue putting on your scarf of repulsion.
A nearby plant withers and dies.
The faun no longer looks unusually strong.
The faun shoots a sling bullet.
The sling bullet hits you!
The faun shoots a sling bullet.
The sling bullet hits you.
The faun hits the plant with a +1 spear of flaming!!
The faun burns the plant!
The merfolk siren chants its luring song.
The satyr shoots an arrow.
The arrow hits you!!
You feel threatened and lose the ability to read scrolls!
You continue putting on your scarf of repulsion.
The faun shoots a sling bullet.
The sling bullet hits you.
* * * LOW HITPOINT WARNING * * *
The faun shoots a sling bullet.
The sling bullet hits you!
* * * LOW HITPOINT WARNING * * *
The merfolk siren chants its luring song.
The satyr plays a rousing melody on his pipes!
The fauns go into a battle-frenzy!
You continue putting on your scarf of repulsion.
The faun shoots a sling bullet.
The sling bullet hits you but does no damage.
The faun shoots a sling bullet.
The sling bullet hits you but does no damage.
The faun unwields a +1 spear of flaming.
It stops flaming.
The faun wields a +0 sling.
The faun shoots a sling bullet.
The sling bullet hits you but does no damage.
The satyr shoots an arrow.
The arrow hits you!!
* * * LOW HITPOINT WARNING * * *
The merfolk siren chants its luring song.
You continue putting on your scarf of repulsion.
You feel your willpower return.
A nearby plant withers and dies.
The faun shoots a sling bullet.
The sling bullet closely misses you.
The faun shoots a sling bullet.
The sling bullet barely misses you.
The satyr shoots an arrow.
The arrow barely misses you.
The faun shoots a sling bullet.
The sling bullet hits you!
You die...
Kikubaaqudgha rasps: "You have failed me!
Welcome... death!"

..#.~~.... ....~~≈≈~~PP~~
....~~...# ....≈≈~~~>##..
......~.P###...~≈≈≈~...###
......~.PPPP..~~~~≈~.#.###
..~~....P.PP.~~~~~≈≈..#.##
..~~P.c~.~.P.~~.~.~~≈....#
..~......†~~~~~.....~.....
.......c...~~~~~.........~
....##Pc.@..~~........)~~~
. .m.....#................
P..#.c..##...............
###.PPP........).........
#..PP....#...#.........
..P..P~~~.....#.........
.P~~~..~~~~~............
...~~.~~~~......#.......
...[~~~.......#.......


You could see a satyr (scary), 3 fauns and a merfolk siren (mesmerising).

Vanquished Creatures
  The ghost of Kusmuj the Covert, a journeyman GrEE of Vehumet (Lair:2)
  A hydra (Lair:2)
  3 two-headed ogres
  2 sea snakes (Shoals:1)
  Pikel (D:4)
  5 harpies (Shoals:1)
  A manticore (Shoals:1)
  A faun (Shoals:1)
  A merfolk siren (Lair:2)
  4 black mambas
  2 cane toads
  A torpor snail (Lair:1)
  Maggie (D:7)
  7 komodo dragons
  3 merfolk (Shoals:1)
  A wind drake (Shoals:1)
  2 hornets
  A blink frog (Lair:2)
  A dream sheep (Lair:2)
  Sigmund (D:5)
  2 wraiths (Ossuary)
  22 yaks
  A basilisk (D:9)
  3 wyverns
  3 steam dragons
  2 acid dragons (D:9)
  3 water moccasins
  2 ice beasts
  Pargi (Sewer)
  An orc warrior (D:7)
  The ghost of Radamante the Trooper, an amateur MiFi (D:3)
  2 sky beasts
  2 ogres (D:5)
  7 wolves (Lair:2)
  A centaur (D:6)
  2 phantoms
  A lemure (D:4)
  2 kobold brigands
  5 bullfrogs
  3 scorpions
  A wyvern zombie (D:3)
  8 wights
  2 howler monkeys (D:6)
  2 jellies
  2 hounds
  5 orc priests
  A gnoll bouda (D:6)
  Jessica (D:2)
  A bullfrog skeleton (D:3)
  2 iguanas
  A sleepcap (D:5)
  Ijyb (D:4)
  Natasha (twice) (D:2)
  6 orc wizards
  A killer bee zombie (D:3)
  A howler monkey zombie (D:3)
  3 gnolls (D:6)
  7 adders
  2 shadow imps
  2 white imps
  2 ufetubi (D:5)
  4 worms
  A dart slug (D:4)
  39 orcs
  8 bats
  7 endoplasms
  5 giant cockroaches
  4 goblins
  9 hobgoblins
  7 jackals (D:1)
  4 quokkas
  8 ball pythons
  3 ball python skeletons (Ossuary)
  5 frilled lizards
  2 hobgoblin zombies (Ossuary)
  23 kobolds
  2 kobold zombies (Ossuary)
  An orc zombie (Ossuary)
  3 rats
294 creatures vanquished.

Vanquished Creatures (others)
  An angel (D:9)
  6 yaks (D:9)
  A black bear (D:5)
  4 orcs (D:7)
  A ball python (D:9)
  2 fungi
  11 plants
26 creatures vanquished.

Grand Total: 320 creatures vanquished

Notes
Turn   | Place    | Note
-------+----------+-------------------------------------------
     0 | D:1      | Orter the Armataur Fighter began the quest for the Orb.
     0 | D:1      | Reached XP level 1. HP: 19/19 MP: 1/1
   356 | D:1      | Reached XP level 2. HP: 18/26 MP: 2/2
   940 | D:1      | Reached XP level 3. HP: 32/32 MP: 3/3
  1023 | D:2      | Noticed Jessica
  1030 | D:2      | Killed Jessica
  1046 | D:2      | Reached XP level 4. HP: 39/39 MP: 4/4
  1284 | D:2      | Noticed Natasha
  1299 | D:2      | Killed Natasha
  1405 | D:2      | Noticed Natasha
  1414 | D:2      | Killed Natasha
  1415 | D:2      | Reached XP level 5. HP: 26/48 MP: 5/5
  1532 | D:3      | Found a shimmering blue altar of Sif Muna.
  1565 | D:3      | Reached skill level 1 in Dodging
  1578 | D:3      | Found a glowing drain.
  1625 | Sewer    | Entered a sewer
  1691 | Sewer    | Noticed Pargi
  1724 | Sewer    | Killed Pargi
  1725 | Sewer    | Reached XP level 6. HP: 33/54 MP: 6/6
  1877 | D:3      | Found a transporter.
  1902 | D:3      | Found a transporter.
  1905 | D:3      | Noticed Radamante's ghost (amateur MiFi)
  1930 | D:3      | HP: 3/81 [howler monkey zombie (4)]
  1932 | D:3      | Reached skill level 5 in Armour
  2175 | D:3      | Killed Radamante's ghost
  2578 | D:3      | Reached XP level 7. HP: 60/60 MP: 7/7
  2730 | D:4      | Noticed Ijyb
  2742 | D:4      | Noticed Pikel
  2744 | D:4      | Killed Ijyb
  2789 | D:4      | Killed Pikel
  2790 | D:4      | Reached skill level 5 in Axes
  2790 | D:4      | Reached XP level 8. HP: 18/70 MP: 8/8
  3094 | D:4      | Reached skill level 1 in Maces & Flails
  3413 | D:5      | Entered Level 5 of the Dungeon
  3424 | D:5      | Found a white marble altar of Elyvilon.
  3539 | D:5      | Noticed Sigmund
  3589 | D:5      | Killed Sigmund
  3621 | D:5      | Identified a scroll of acquirement
  3622 | D:5      | Acquired the +1 barding of Greed {rPois Str+4}
  3630 | D:5      | Gained mutation: You are partially covered in iridescent
                  | scales. (AC +2) [potion of mutation]
  3630 | D:5      | Gained mutation: You have a beak for a mouth. [potion of
                  | mutation]
  3630 | D:5      | Gained mutation: You expend magic power (3 MP) to
                  | strengthen your wands. [potion of mutation]
  3630 | D:5      | Gained mutation: You occasionally lose the ability to read
                  | scrolls when taking damage. [potion of mutation]
  3630 | D:5      | Gained mutation: You are mostly covered in iridescent
                  | scales. (AC +4) [potion of mutation]
  3630 | D:5      | Gained mutation: A frigid envelope surrounds you and
                  | freezes all who hurt you. [potion of mutation]
  3656 | D:5      | Found an ancient bone altar of Kikubaaqudgha.
  3660 | D:5      | Became a worshipper of Kikubaaqudgha
  3677 | D:5      | Found an opulent altar of Gozag.
  3702 | D:5      | Found Qukicrore's Book Emporium.
  3718 | D:5      | Found Neiqoi Giedgh's Antique Armour Boutique.
  3719 | D:5      | Found Ximuva's Assorted Antiques.
  3727 | D:5      | Bought a peridot ring for 140 gold pieces
  3856 | D:5      | Found Zuigaod's Antique Armour Shop.
  4116 | D:5      | Reached skill level 5 in Fighting
  4497 | D:6      | Reached XP level 9. HP: 79/79 MP: 9/9
  4545 | D:6      | Found an ornate altar of the Wu Jian Council.
  4574 | D:6      | Reached skill level 1 in Stealth
  4796 | D:6      | Found a staircase to the Ecumenical Temple.
  5002 | D:6      | Found a glowing golden altar of the Shining One.
  5536 | D:7      | Reached skill level 1 in Throwing
  5536 | D:7      | Noticed Maggie
  5650 | D:7      | Reached * piety under Kikubaaqudgha
  5650 | D:7      | Received a gift from Kikubaaqudgha
  5651 | D:7      | Reached skill level 5 in Maces & Flails
  5680 | D:7      | Killed Maggie
  5697 | D:7      | Reached skill level 5 in Shields
  5852 | D:7      | Found a sparkling altar of Nemelex Xobeh.
  5998 | D:7      | Found a blossoming altar of Fedhas.
  6032 | D:7      | Found a sand-covered staircase.
  6118 | Ossuary  | Entered an ossuary
  6278 | Ossuary  | Reached XP level 10. HP: 72/86 MP: 10/10
  6752 | D:8      | Noticed a two-headed ogre
  6762 | D:8      | Killed a two-headed ogre
  6887 | D:8      | Reached ** piety under Kikubaaqudgha
  7012 | D:8      | Found a radiant altar of Vehumet.
  7080 | D:8      | You fall into a shaft and drop 1 floor!
  7129 | D:9      | Found a broken altar of Ashenzari.
  7129 | D:9      | Found a basalt altar of Yredelemnul.
  7189 | D:9      | Killed an angel
  7201 | D:9      | Found a shimmering altar of Xom.
  7201 | D:9      | Found a glowing silver altar of Zin.
  7228 | D:9      | Reached skill level 10 in Armour
  7247 | D:9      | Reached skill level 1 in Evocations
  7391 | D:9      | Noticed a two-headed ogre
  7401 | D:9      | Killed a two-headed ogre
  7511 | D:9      | Noticed a two-headed ogre
  7518 | D:9      | Killed a two-headed ogre
  7519 | D:9      | Reached XP level 11. HP: 97/97 MP: 11/11
  7617 | D:9      | Found a staircase to the Lair.
  7650 | Lair:1   | Entered Level 1 of the Lair of Beasts
  7965 | Lair:1   | Reached *** piety under Kikubaaqudgha
  7965 | Lair:1   | Received a gift from Kikubaaqudgha
  8400 | Lair:2   | Reached skill level 10 in Maces & Flails
  8427 | Lair:2   | Noticed a six-headed hydra
  8431 | Lair:2   | Killed a six-headed hydra
  8454 | Lair:2   | Reached XP level 12. HP: 100/107 MP: 12/12
  8459 | Lair:2   | Identified the ring of Xom's Ringing Laughter {rN++ Str-3
                  | Dex+3 Slay+4}
  8665 | Lair:2   | Found a runed translucent door.
  8667 | Lair:2   | Noticed Kusmuj's ghost (journeyman GrEE)
  8681 | Lair:2   | Killed Kusmuj's ghost
  8711 | Lair:2   | Reached **** piety under Kikubaaqudgha
  8782 | Lair:2   | Found a staircase to the Shoals.
  8957 | Shoals:1 | Entered Level 1 of the Shoals
  9136 | Shoals:1 | Noticed a kraken
  9205 | Shoals:1 | Found a runed translucent gate.
  9205 | Shoals:1 | Found a runed translucent gate.
  9205 | Shoals:1 | Found a runed translucent gate.
  9217 | Shoals:1 | Reached skill level 5 in Dodging
  9234 | Shoals:1 | Noticed a satyr
  9254 | Shoals:1 | HP: 3/110 [satyr/arrow (18)]
  9255 | Shoals:1 | Shot with a sling bullet by a faun

Illustrated notes

Levels and vault maps discovered:
D:1:      dpeg_arrival_more_subterranean_lakeside_camping, layout_basic,
          minmay_split_cup_large
D:2:      layout_rooms, uniq_natasha, uniq_jessica
D:3:      layout_rooms, mainiacjoe_overflow_surrounded_room,
          gammafunk_ghost_mausoleum, gup_sewer_entry_glass
D:4:      layout_basic, nzn_random_ring, uniq_pikel, uniq_ijyb
D:5:      layout_cave_pods, marbit_many_paths, nicolae_elyvilon_temple_path,
          nicolae_gozag_seed_capital, serial_shops,
          nicolae_shop_just_a_little_nook, nicolae_lakefront_shop,
          nicolae_wooded_promenade, uniq_sigmund
D:6:      layout_basic, nzn_wu_jian_contemplation, mainiacjoe_overflow_alcove_4,
          minmay_temple_entry_nine_rooms, kennysheep_generic_room_2
D:7:      layout_loops_ring, nemelex_spade_bored_becter, fedhas_ov_isle_minmay,
          nicolae_ossuary_entry_false_entrances,
          minmay_fractal_squares_diagonal_5, uniq_maggie
D:8:      layout_loops_ring, vehumet_altar_wand_db, kennysheep_potato
D:9:      layout_rooms, grunt_temple_overflow_order_and_chaos_1,
          gammafunk_temple_overflow_pools, erik_lair_dragon
Lair:1:   layout_gridlike
Lair:2:   nzn_winding_woodlands_three_and_one
          [nzn_winding_woodlands_5x15_jagged, nzn_winding_woodlands_5x15_pool,
          nzn_winding_woodlands_5x15_default,
          nzn_winding_woodlands_center_triple_pond], layout_cave_shapes,
          minmay_shoals_entry_lonely_mermaid, ebering_ghost_reflecting_pool,
          beast_lair_carwin_9
Shoals:1: layout_shoals, gammafunk_ghost_cemetery

Skill      XL: |  1  2  3  4  5  6  7  8  9 10 11 12 |
---------------+-------------------------------------+-----
Armour         | 4 5 6 7 9 10 11 | 11.5
Axes           | 2 3 4 5 |  5.8
Fighting       | 3 4 5 6 7 8 |  8.3
Dodging        | 1 2 3 4 5 |  5.0
Shields        | 4 5 6 |  6.8
Maces & Flails | 3 5 8 10 11 | 11.6
Stealth        | 1 2 3 |  3.5
Throwing       | 1 2 |  2.4
Evocations     | 1 |  1.3
Necromancy     | |  0.4

Action                     |  1- 3 |  4- 6 |  7- 9 | 10-12 || total
---------------------------+-------+-------+-------+-------++-------
  Melee: War axe           |    77 |   183 |    47 |       ||   307
         Tailslap          |     7 |    16 |    42 |    39 ||   104
         Whip              |       |       |   233 |       ||   233
         Peck              |       |       |    30 |    58 ||    88
         Morningstar       |       |       |    23 |   289 ||   312
  Throw: Javelin           |       |       |    15 |     4 ||    19
         Dart              |       |       |     1 |       ||     1
 Invoke: Unearth Wretches  |       |       |       |     1 ||     1
  Evoke: Wand              |       |       |     1 |     5 ||     6
    Use: Potion            |       |     8 |     2 |     4 ||    14
         Scroll            |       |     1 |    13 |    12 ||    26
   Stab: Paralysed         |       |       |       |     1 ||     1
         Sleeping          |       |       |       |     1 ||     1
 Armour: Scale mail        |    59 |   152 |   107 |       ||   318
         Skin              |       |     6 |       |       ||     6
         Swamp dragon scal |       |       |    11 |   220 ||   231
  Dodge: Dodged            |    44 |   101 |    76 |    95 ||   316
         Repelled          |       |       |     1 |     1 ||     2
  Block: Buckler           |    26 |    43 |    50 |    37 ||   156
